 Dungeon Crawl Stone Soup version 0.29.1-1-gd02db6906a (webtiles) character file.

Game seed: 10037068548140307895

767 Demigod47 the Cudgeller (level 7, -3/61 HPs)
             Began as a Minotaur Fighter on Oct 13, 2022.
             Was an Initiate of Okawaru.
             Slain by Sigmund
             ... wielding a +1 scythe of protection
              (10 damage)
             ... on level 5 of the Dungeon on Oct 14, 2022.
             The game lasted 00:07:57 (5305 turns).

Demigod47 the Cudgeller (Minotaur Fighter)          Turns: 5305, Time: 00:07:58

Health: -3/61      AC: 11    Str: 22    XL:     7   Next: 52%
Magic:  6/6        EV:  8    Int:  5    God:    Okawaru [......]
Gold:   318        SH:  4    Dex: 10    Spells: 6/6 levels left

rFire   . . .      SeeInvis .   a - +0 flail
rCold   . . .      Faith    .   c - +0 buckler
rNeg    . . .      Spirit   .   n - +0 chain mail
rPois   .          Reflect  .   (helmet restricted)
rElec   .          Harm     .   j - +0 cloak
rCorr   .          Rampage  .   (no gloves)
Will    .....                   (no boots)
Stlth   ..........              B - amulet of the acrobat
HPRegen 0.20/turn               (no ring)
MPRegen 0.10/turn               (no ring)

@: about to teleport
A: horns 2, retaliatory headbutt
a: Renounce Religion


You were on level 5 of the Dungeon.
You worshipped Okawaru.
Okawaru was noncommittal.
You visited 2 branches of the dungeon, and saw 6 of its levels.

You collected 318 gold pieces.

Inventory:

Hand Weapons
 a - a +0 flail (weapon)
Armour
 c - a +0 buckler (worn)
 j - a +0 cloak (worn)
 n - a +0 chain mail (worn)
 C - a scarf of invisibility
Jewellery
 h - a +6 ring of intelligence
 B - an amulet of the acrobat (around neck)
Wands
 l - a wand of light (7)
 y - a wand of flame (11)
Scrolls
 e - 2 scrolls of silence
 f - a scroll of immolation
 g - a scroll of amnesia {unknown}
 i - 2 scrolls of teleportation
 q - a scroll of acquirement {unknown}
 s - a scroll of summoning {unknown}
 t - 3 scrolls of enchant weapon {unknown}
 v - a scroll of poison {unknown}
 A - a scroll of vulnerability {unknown}
Potions
 d - a potion of might
 k - a potion of brilliance
 m - a potion of curing
 o - 2 potions of lignification {unknown}
 p - a potion of ambrosia {unknown}
 r - a potion of attraction {unknown}
 u - a potion of berserk rage {unknown}
 w - a potion of flight {unknown}
 x - a potion of magic {unknown}
 z - a potion of resistance {unknown}


   Skills:
 + Level 5.1 Fighting
 * Level 7.0 Maces & Flails
 + Level 6.8 Armour
 + Level 1.1 Dodging
 + Level 0.2 Stealth
 + Level 4.6 Shields


You had 6 spell levels left.
You didn't know any spells.
Your spell library contained the following spells:

 Spells                   Type           Power      Damage    Failure   Level
 Magic Dart               Conj           0%         1d3       99%         1
 Blink                    Tloc           0%         N/A       100%        2
 Lesser Beckoning         Tloc           0%         N/A       100%        3
 Mephitic Cloud           Conj/Pois/Air  0%         N/A       100%        3
 Manifold Assault         Tloc           0%         N/A       100%        5
 Call Imp                 Summ           Unusable   N/A       N/A         2

Dungeon Overview and Level Annotations

Branches:
Dungeon (5/15)             Temple (1/1) D:4

Altars:
Ashenzari
Cheibriados
Dithmenos
Hepliaklqana
Kikubaaqudgha
Makhleb
Nemelex Xobeh
Okawaru
Qazlal
Ru
Trog
Uskayaw
Wu Jian
Xom
Yredelemnul
Zin
The Shining One

Annotations:
D:5 Edmund, Sigmund


Innate Abilities, Weirdness & Mutations

You have a pair of horns on your head.
You reflexively headbutt those who attack you in melee.


Message History

Things that are here:
a +0 flail; a +0 ring mail You closely miss Edmund.
You headbutt Edmund.
Edmund is lightly wounded.
Sigmund casts a spell.
Sigmund flickers and vanishes!
Deactivating autopickup; reactivate with Ctrl-A.
Edmund completely misses you.
You hit Edmund but do no damage. You headbutt Edmund!
Edmund is moderately wounded.
Edmund hits you but does no damage. The dart slug launches a dart at you.
The slug dart hits you but does no damage.
You closely miss Edmund.
Edmund is moderately wounded.
You block Edmund's attack.
You barely miss Edmund.
Edmund is moderately wounded.
Edmund barely misses you. You block something's attack.
The dart slug bites you. Edmund hits you with a +3 vorpal flail!
You thump Edmund! Your headbutt misses Edmund.
Edmund is heavily wounded.
Edmund hits you with a +3 vorpal flail! The dart slug launches a dart at you.
The slug dart hits you but does no damage.
You barely miss Edmund. Your headbutt misses Edmund.
Edmund is heavily wounded.
Something hits you but does no damage. Edmund hits you with a +3 vorpal flail!
* * * LOW HITPOINT WARNING * * *
x2 Unknown command.
You hit the dart slug. You headbutt the dart slug.
You kill the dart slug!
Okawaru accepts your kill. Something hits you!
* * * LOW HITPOINT WARNING * * *
Okay, then.
As you read the scroll of teleportation, it crumbles to dust.
You feel strangely unstable. Edmund hits you but does no damage.
Something hits you!
You die...

.........####
.....###....# #.#
.....######.## ..#
..........#..# ##..#
....[.....##.#### ....#
..........##....##....#
..........#####..#....#
..........# ##.#....#..
.....[....###
#@@....... ............
###{......
..........#.. ....#..
#.........#...... ##'.#
..........#...... ..#
........#.#...... .#
......#.#.#......# #
..###.#.#.#......# ..#
#.#.#........#


You could see Edmund.

Vanquished Creatures
  Duvessa (D:4)
  A water moccasin (D:4)
  An ogre (D:4)
  A scorpion (D:4)
  Dowan (D:4)
  2 hounds (D:4)
  A jelly (D:5)
  An iguana (D:5)
  Ijyb (D:4)
  Natasha (thrice) (D:2)
  6 adders
  2 white imps (D:5)
  2 ufetubi
  4 dart slugs
  2 orcs
  2 endoplasms
  2 giant cockroaches (D:3)
  8 goblins
  5 hobgoblins
  5 jackals (D:4)
  6 kobolds
  7 quokkas
  5 ball pythons
  3 bats
  3 frilled lizards
  3 rats
78 creatures vanquished.

Notes
Turn   | Place    | Note
-------+----------+-------------------------------------------
     0 | D:1      | Demigod47 the Minotaur Fighter began the quest for the Orb.
     0 | D:1      | Reached XP level 1. HP: 19/19 MP: 0/0
   392 | D:1      | Reached XP level 2. HP: 27/27 MP: 1/1
   681 | D:1      | Found a faded altar of an unknown god.
   976 | D:2      | Noticed Natasha
   983 | D:2      | Noticed a crimson imp
   993 | D:2      | Killed Natasha
   994 | D:2      | Reached skill level 3 in Maces & Flails
   994 | D:2      | Reached XP level 3. HP: 18/33 MP: 2/2
  1118 | D:2      | Noticed Natasha
  1124 | D:2      | Killed Natasha
  1125 | D:2      | Reached XP level 4. HP: 19/40 MP: 3/3
  1550 | D:2      | Noticed Natasha
  1556 | D:2      | Killed Natasha
  1557 | D:2      | Reached skill level 4 in Maces & Flails
  2325 | D:3      | Reached XP level 5. HP: 47/47 MP: 4/4
  2371 | D:3      | Reached skill level 5 in Maces & Flails
  2651 | D:3      | Gained mutation: You sometimes lose your temper in combat.
                  | [potion of mutation]
  2651 | D:3      | Lost mutation: You sometimes lose your temper in combat.
                  | [potion of mutation]
  2660 | D:4      | Noticed Duvessa
  2660 | D:4      | Noticed Dowan
  2948 | D:4      | HP: 2/47 [Duvessa/+0 short sword (8)]
  3250 | D:4      | Killed Duvessa
  3251 | D:4      | Reached XP level 6. HP: 45/53 MP: 5/5
  3461 | D:4      | Killed Dowan
  3462 | D:4      | Reached skill level 6 in Maces & Flails
  3516 | D:4      | Reached skill level 5 in Armour
  3692 | D:4      | Noticed a water moccasin
  3708 | D:4      | Killed a water moccasin
  3709 | D:4      | Reached skill level 1 in Dodging
  3709 | D:4      | Reached XP level 7. HP: 27/60 MP: 6/6
  4438 | D:4      | Noticed Ijyb
  4449 | D:4      | Killed Ijyb
  4566 | D:4      | Found a staircase to the Ecumenical Temple.
  4584 | Temple   | Entered the Ecumenical Temple
  4719 | Temple   | Became a worshipper of Warmaster Okawaru
  4974 | D:5      | Entered Level 5 of the Dungeon
  5007 | D:5      | Reached skill level 5 in Fighting
  5291 | D:5      | Noticed Edmund
  5295 | D:5      | Reached skill level 7 in Maces & Flails
  5295 | D:5      | Noticed Sigmund
  5305 | D:5      | Slain by Sigmund

Illustrated notes

Levels and vault maps discovered:
D:1:      eino_arrival_water_star, layout_basic,
          hellmonk_ecumenical_altar_prayer_group
D:2:      layout_loops_ring, wander_ebering_terrifying_dragon_lair, uniq_natasha
D:3:      layout_rooms
D:4:      kennysheep_big_flooded_room, layout_basic, temple_green,
          interstate_on_off, chequers_serial_rivers_small_b,
          kennysheep_small_square, uniq_duvessa, uniq_ijyb
D:5:      layout_basic, enter_ossuary_4, sigmund_edmund_badplayer
Temple:   minmay_crystal_spiral_temple

Skill      XL: |  1  2  3  4  5  6  7 |
---------------+----------------------+-----
Shields        | 4 |  4.6
Fighting       | 4 5 |  5.1
Maces & Flails | 3 4 5 6 7 |  7.0
Armour         | 4 5 6 |  6.8
Dodging        | 1 |  1.1
Stealth        | |  0.2

Action                   |  1- 3 |  4- 6 |  7- 9 || total
-------------------------+-------+-------+-------++-------
Melee: Flail             |    46 |   115 |    81 ||   242
       Headbutt          |     6 |    11 |    15 ||    32
  Use: Scroll            |     1 |     2 |     1 ||     4
       Potion            |     1 |     6 |       ||     7
Armor: Scale mail        |    19 |    12 |       ||    31
       Chain mail        |       |    73 |    37 ||   110
Dodge: Dodged            |    13 |    56 |    31 ||   100
Block: Buckler           |     8 |    43 |    18 ||    69
